 Dungeon Crawl Stone Soup version 0.24-a0-201-gf205589 (webtiles) character file.

Game seed: 12503485787140296856

100 Borgoz the Ducker (level 4, -1/36 HPs)
             Began as a Ghoul Gladiator on Mar 23, 2019.
             Hit by a tomahawk thrown by an orc (7 damage)
             ... on level 3 of the Dungeon.
             The game lasted 00:04:15 (2125 turns).

Borgoz the Ducker (Ghoul Gladiator)                 Turns: 2125, Time: 00:04:15

Health: -1/36      AC:  4    Str: 17    XL:     4   Next: 74%
Magic:  3/3        EV: 13    Int:  4    God:
Gold:   110        SH:  0    Dex: 15    Spells: 3/3 levels left

rFire    + . .     SeeInvis .   a - +0 rapier
rCold    + . .     Gourm    .   (no shield)
rNeg     + + +     Faith    .   b - +0 leather armour
rPois    ∞         Spirit   .   c - +0 helmet
rElec    .         Reflect  .   (no cloak)
rCorr    .         Harm     .   (no gloves)
MR       .....                  (no boots)
Stlth    ++........             (no amulet)
HPRegen  0.00/turn              r - +5 ring of dexterity
MPRegen  0.08/turn              h - ring of protection from fire

@: rotting
A: rotting body, claws 1, carnivore, cold resistance 1, negative energy
resistance 3, inhibited regeneration, torment resistance, unbreathing
a: no special abilities


You were on level 3 of the Dungeon.
You were not hungry.

You visited 1 branch of the dungeon, and saw 3 of its levels.

You collected 110 gold pieces.

Inventory:

Hand Weapons
 a - a +0 rapier (weapon)
Missiles
 d - 3 throwing nets (quivered)
 l - 19 poisoned needles
Armour
 b - a +0 leather armour (worn)
 c - a +0 helmet (worn)
 p - a +0 ring mail
Jewellery
 h - a ring of protection from fire (right claw)
 r - a +5 ring of dexterity (left claw)
Scrolls
 e - 4 scrolls of enchant armour {unknown}
 i - 4 scrolls of blinking {unknown}
 k - 2 scrolls of remove curse {unknown}
 n - a scroll of noise {unknown}
 o - a scroll of teleportation {unknown}
 q - a scroll of amnesia {unknown}
 s - a scroll of magic mapping {unknown}
 t - a scroll of identify {unknown}
Potions
 g - a potion of might {unknown}
 j - a potion of haste {unknown}
 m - a potion of heal wounds {unknown}
 u - a potion of cancellation {unknown}
Comestibles
 f - 4 rations


   Skills:
 - Level 2.1 Fighting
 * Level 3.3 Short Blades
 - Level 1.9 Throwing
 * Level 1.7 Armour
 * Level 3.4 Dodging
 + Level 1.6 Stealth


You had 3 spell levels left.
You didn't know any spells.
Your spell library was empty.

Dungeon Overview and Level Annotations

Branches:
Dungeon (3/15)

Altars:


Innate Abilities, Weirdness & Mutations

Your body is rotting away.
You thrive on raw meat.
You are immune to poison.
You have sharp fingernails.
You are carnivorous and can eat meat at any time.
Your flesh is cold resistant. (rC+)
You are immune to negative energy. (rN+++)
You do not regenerate when monsters are visible.
You are immune to unholy pain and torment.
You can survive without breathing.


Message History

An orc comes into view.
The orc shouts!
An orc comes into view. It is wielding a +0 whip.
You see here 7 gold pieces.
You now have 110 gold pieces (gained 7).
The orc shouts!
You hear a shout!
You hear an angry hiss.
An orc comes into view. It is wielding a +0 falchion.
The orc hits you.
A ball python comes into view.
The orc barely misses you.
Found a fuming grey potion.
Found 7 sling bullets.
You see here a fuming grey potion.
u - a fuming grey potion The orc barely misses you.
The orc misses you. The orc hits you with a +0 falchion.
* * * LOW HITPOINT WARNING * * *
The orc throws a tomahawk.
The tomahawk hits you!
You die...

.#.## #..#..#..##.# .#.#
#..#..#..##.###### ...#
####..#.S...........# ...#
#........S..##.#####
##w####.....#.##oo..=....#
.#..............o....#####
.#..###.....#.##.###.#
......####...........#
#.....+.....#.##@#####
#(....#####.#.##.#
#.....#####...##.#
#####.....†#####.#
#..†...# #.#
#......#####.#
#####.............
....#......###.#.#
###.#......#


You could see 3 orcs and a ball python.

Vanquished Creatures
  A hound (D:3)
  3 adders
  3 leopard geckos
  2 giant cockroaches
  6 goblins
  5 hobgoblins
  4 kobolds
  A quokka (D:3)
  2 ball pythons
  3 bats
  3 frilled lizards
  7 rats
40 creatures vanquished.

Notes
Turn   | Place    | Note
-------+----------+-------------------------------------------
     0 | D:1      | Borgoz the Ghoul Gladiator began the quest for the Orb.
     0 | D:1      | Reached XP level 1. HP: 17/17 MP: 0/0
   231 | D:1      | Reached XP level 2. HP: 23/23 MP: 1/1
  1111 | D:2      | Reached skill level 1 in Stealth
  1164 | D:2      | Reached skill level 1 in Armour
  1187 | D:2      | Reached XP level 3. HP: 23/29 MP: 2/2
  1534 | D:2      | Reached XP level 4. HP: 28/36 MP: 3/3
  2125 | D:3      | Hit by a tomahawk thrown by an orc

Levels and vault maps discovered:
D:1:      dpeg_arrival_simpleton_c, layout_basic
D:2:      minmay_razor_zed, layout_loops_corners, serial_forest,
          infiniplex_forest_clump_small, infiniplex_forest_straight_2,
          infiniplex_forest_lined_room_2, infiniplex_forest_zigzag_1,
          infiniplex_forest_straight_3, infiniplex_forest_split, minmay_tripent
D:3:      layout_basic, first_ration, minmay_misc_feat_nine_boxes,
          lemuel_old_faithful

Skill      XL: |  1  2 |
---------------+-------+-----
Dodging        | 3 |  3.4
Stealth        | 1 |  1.6
Armour         | 1 |  1.7
Short Blades   | 3 |  3.3
Fighting       | |  2.1
Throwing       | |  1.9

Action                   |  1- 3 |  4- 6 || total
-------------------------+-------+-------++-------
Melee: Rapier            |   103 |    37 ||   140
 Stab: Sleeping          |       |     2 ||     2
  Eat: Chunk             |     5 |     4 ||     9
Armor: Leather armour    |    40 |     9 ||    49
Dodge: Dodged            |    89 |    27 ||   116

Table legend:
 A = Non-vault XP
 B = Vault XP
 C = Vault XP percentage of total XP
 D = Non-vault monster count
 E = Vault monster count
 F = Vault count percentage of total count
                 A         B        C        D         E       F
            +---------+---------+-------+---------+---------+-------
      Total |     110 |      34 |  23.6 |      29 |      11 |  27.5
            +---------+---------+-------+---------+---------+-------
        D:1 |      15 |       0 |   0.0 |       9 |       0 |   0.0
        D:2 |      34 |      34 |  50.0 |      14 |      11 |  44.0
        D:3 |      61 |       0 |   0.0 |       6 |       0 |   0.0
            +---------+---------+-------+---------+---------+-------
